 Dungeon Crawl Stone Soup version 0.31-b1-22-gc680215f68 (webtiles) character file.

Game seed: 5871038432703212890

2689 Weaver the Trooper (level 9, -1/96 HPs)
             Began as a Troll Hunter on Jan 18, 2024.
             Was a Believer of Okawaru.
             Engulfed by a steam dragon's steam (6 damage)
             ... on level 8 of the Dungeon.
             The game lasted 00:32:12 (5207 turns).

Weaver the Trooper (Troll Hunter)                   Turns: 5207, Time: 00:32:13

Health: -1/96      AC:  4    Str: 23    XL:     9   Next: 38%
Magic:  8/8        EV: 10    Int:  5    God:    Okawaru [**....]
Gold:   417        SH:  0    Dex: 15    Spells: 8/8 levels left

rFire   . .          .
                       - Unarmed
rCold   . . .        (no shield)
rNeg    . . .        c - +0 robe
rPois   .            (helmet restricted)
rElec   .            (no cloak)
rCorr   .            (gloves unavailable)
SInv    .            (boots unavailable)
Will    .....        (no amulet)
Stlth   +            (no ring)
HPRegen 1.16/turn    (no ring)
MPRegen 0.11/turn

%: no passive effects
@: slowed, very slow
A: large, unfitting armour, claws 3, regeneration 1, shaggy fur 1, tough skin 1
a: Renounce Religion, Heroism


You were on level 8 of the Dungeon.
You worshipped Okawaru.
Okawaru was pleased with you.
You visited 2 branches of the dungeon, and saw 10 of its levels.
You also visited: Sewer.

You collected 417 gold pieces.

Inventory:

Missiles
 t - 3 boomerangs (quivered)
 x - 9 poisoned darts
Armour
 c - a +0 robe (worn)
Talismans
 a - a beast talisman
Wands
 o - a wand of light (9)
 q - a wand of flame (13)
Scrolls
 b - a scroll of butterflies
 d - a scroll of identify
 f - a scroll of acquirement {unknown}
 h - 2 scrolls of enchant weapon
 i - 2 scrolls of fog {unknown}
 l - 4 scrolls of fear
 n - a scroll of amnesia {unknown}
 r - a scroll of brand weapon {unknown}
 y - a scroll of teleportation
Potions
 e - 2 potions of degeneration {unknown}
 g - 2 potions of lignification
 j - 3 potions of curing
 k - a potion of enlightenment
 p - a potion of might {unknown}
 s - a potion of brilliance {unknown}
 u - a potion of invisibility {unknown}
 v - a potion of cancellation {unknown}
 w - a potion of attraction {unknown}


   Skills:
 * Level 7.8 Fighting
 - Level 4.8 Ranged Weapons
 + Level 2.2 Throwing
 - Level 1.5 Dodging
 - Level 0.3 Stealth
 + Level 6.2 Unarmed Combat


You had 8 spell levels left.
You didn't know any spells.
Your spell library contained the following spells:

 Spells                   Type           Power      Damage    Failure   Level
 Kiss of Death            Conj/Necr      0%         2d5       47%         1
 Cigotuvi's Dreadful Rot  Necr/Alch/Air  0%         N/A       63%         2
 Sublimation of Blood     Necr           0%         N/A       63%         2
 Confusing Touch          Hex            0%         N/A       85%         3
 Inner Flame              Hex/Fire       0%         N/A       85%         3
 Dispel Undead            Necr           0%         3d6       99%         4
 Flame Wave               Conj/Fire      0%         2d4       99%         4
 Olgreb's Toxic Radiance  Alch           0%         N/A       99%         4
 Sticky Flame             Fire/Alch      0%         2d4       99%         4
 Alistair's Intoxication  Alch           0%         N/A       100%        5
 Eringya's Noxious Bog    Alch           0%         4d6       100%        6
 Call Imp                 Summ           Unusable   N/A       N/A         2
 Summon Hydra             Summ           Unusable   N/A       N/A         7

Dungeon Overview and Level Annotations

Branches:
Dungeon (9/15)             Temple (1/1) D:5           Sewer (visited)
   Lair: D:8-11         Orc: D:9-12

Altars:
Dithmenos
Elyvilon
Fedhas
Gozag
Hepliaklqana
Kikubaaqudgha
Makhleb
Nemelex Xobeh
Okawaru
Qazlal
Ru
Sif Muna
Trog
Uskayaw
Vehumet
Wu Jian
Xom
Yredelemnul
Zin
The Shining One

Shops:
D:8 :

Annotations:
D:4 Menkaure
D:8 Erica


Innate Abilities, Weirdness & Mutations

You are too large for most types of armour.
You have claws for hands.
Your natural rate of healing is unusually fast.
You are covered in fur. (AC +1)
You have tough skin. (AC +1)


Message History

The steam dragon claws you. The orc wizard closely misses you.
Erica hits you with a +3 scimitar of flaming!
Erica burns you.
You mangle Erica!!
Erica is almost dead.
You are engulfed in a cloud of scalding steam.
* * * LOW HITPOINT WARNING * * *
The centaur hits you but does no damage.
The centaur closely misses you. Erica barely misses you.
The steam dragon bites you.
* * * LOW HITPOINT WARNING * * *
The steam dragon misses you.
The orc wizard hits you but does no damage.
The centaur barely misses you. The centaur kicks you.
* * * LOW HITPOINT WARNING * * *
The orc wizard completely misses you. Erica misses you.
Blink to where?
Press: ? - help, Dir - move target, p - steam dragon
As you read the scroll of blinking, it crumbles to dust.
The centaur wields a +0 shortbow.
The centaur shoots an arrow.
The arrow barely misses you.
The centaur shoots an arrow.
The arrow closely misses you.
You see here 3 stones.
Aiming: Bolt of Light
Press: ? - help, Q - select action, (/) - cycle Shift-Dir - straight line, f - centaur
Aim: a centaur, wielding a +0 shortbow (heavily wounded, 83% to hit)
The bolt of light hits the centaur!
The centaur is severely wounded.
The centaur is blinded.
The centaur shoots an arrow.
The arrow hits you.
* * * LOW HITPOINT WARNING * * *
The centaur shoots an arrow.
The arrow hits you!
* * * LOW HITPOINT WARNING * * *
The steam dragon breathes steam at you.
The ball of steam hits the centaur!
The centaur dies!
The ball of steam hits you!
* * * LOW HITPOINT WARNING * * *
You are engulfed in a cloud of scalding steam.
You die...

# #)# # #.#
######.# ...##.#
#.#### #.##D+
#....# #..§.#
#.##.# ##§§..#...
#.##.###§........#
#.##..@§......####
#.##..#...#......
#.##..#.###.......
#>....#.###.......
#.......#........#
##.#######.###....#
#...............##
#########.#####.
#.#.. .


There were no monsters in sight!

Vanquished Creatures
  Grinder (D:5)
  Prince Ribbit (D:7)
  A water moccasin (D:7)
  A sky beast (D:6)
  An ice beast (D:7)
  2 black bears
  3 centaurs
  A phantom (D:6)
  3 kobold brigands
  4 scorpions
  A killer bee (D:6)
  2 howler monkeys
  2 bombardier beetles
  2 jellies (D:5)
  3 orc priests (D:5)
  A gnoll bouda (D:7)
  2 hounds (D:5)
  5 iguanas (D:6)
  4 orc wizards
  4 gnolls (D:7)
  13 adders
  A river rat (Sewer)
  A white imp (D:5)
  10 dart slugs
  A ribbon worm (D:2)
  16 orcs
  6 endoplasms
  6 giant cockroaches
  3 goblins (D:1)
  4 hobgoblins
  6 jackals
  3 quokkas
  8 ball pythons
  7 bats
  3 frilled lizards
  15 kobolds
  7 rats
  A butterfly (D:5)
155 creatures vanquished.

Vanquished Creatures (others)
  An orc warrior (D:8)
  A centaur (D:8)
  An orc (D:8)
3 creatures vanquished.

Grand Total: 158 creatures vanquished

Notes
Turn   | Place    | Note
-------+----------+-------------------------------------------
     0 | D:1      | Weaver the Troll Hunter began the quest for the Orb.
     0 | D:1      | Reached XP level 1. HP: 19/19 MP: 0/0
   382 | D:1      | Reached skill level 2 in Fighting
   382 | D:1      | Reached XP level 2. HP: 28/28 MP: 1/1
   778 | D:2      | Reached skill level 1 in Unarmed Combat
   792 | D:2      | Reached XP level 3. HP: 34/36 MP: 2/2
  1056 | D:3      | Found an ancient bone altar of Kikubaaqudgha.
  1058 | D:3      | Found an ornate altar of the Wu Jian Council.
  1060 | D:3      | Found a glowing silver altar of Zin.
  1104 | D:3      | Found a glowing drain.
  1136 | Sewer    | Entered a sewer
  1267 | Sewer    | Reached XP level 4. HP: 44/44 MP: 3/3
  1327 | Sewer    | Reached skill level 3 in Fighting
  1993 | D:4      | Noticed a black bear
  1996 | D:4      | Reached XP level 5. HP: 53/53 MP: 4/4
  2381 | D:4      | Noticed Menkaure
  2386 | D:5      | Entered Level 5 of the Dungeon
  2406 | D:5      | Reached XP level 6. HP: 29/62 MP: 5/5
  2628 | D:5      | Reached skill level 4 in Fighting
  2908 | D:5      | Noticed Grinder
  2916 | D:5      | Killed Grinder
  2917 | D:5      | Reached XP level 7. HP: 57/71 MP: 6/6
  2917 | D:5      | Found a staircase to the Ecumenical Temple.
  2939 | Temple   | Entered the Ecumenical Temple
  2989 | Temple   | Became a worshipper of Warmaster Okawaru
  3060 | D:6      | Reached skill level 5 in Fighting
  3489 | D:6      | Reached * piety under Okawaru
  3490 | D:6      | Reached XP level 8. HP: 43/83 MP: 7/7
  3650 | D:6      | Reached skill level 6 in Fighting
  3723 | D:6      | Reached ** piety under Okawaru
  3724 | D:6      | Reached skill level 5 in Unarmed Combat
  4030 | D:7      | Reached skill level 7 in Fighting
  4326 | D:7      | Reached XP level 9. HP: 52/93 MP: 8/8
  4380 | D:7      | Got the Directory of Toxicants
  4456 | D:8      | Reached skill level 1 in Throwing
  4603 | D:7      | Noticed Prince Ribbit
  4616 | D:7      | Killed Prince Ribbit
  5181 | D:8      | Found Naruh's Book Boutique.
  5187 | D:8      | Noticed Erica
  5207 | D:8      | Engulfed by a steam dragon's steam

Illustrated notes

Levels and vault maps discovered:
D:1:      minmay_arrival_statue_studded, layout_loops_cross,
          grunt_decor_resistance
D:2:      layout_loops_ring
D:3:      layout_loops_ring, grunt_temple_overflow_diamond, portal_sewer_entry_b
D:4:      kennysheep_slugbush, layout_rooms, uniq_menkaure
D:5:      layout_basic, minmay_temple_entry_butterflies, minmay_crossroads,
          uniq_grinder
D:6:      layout_basic, chei_slow_surprise, nzn_random_ring
D:7:      hellmonk_ruined_rings, layout_gridville, uniq_prince_ribbit1
D:8:      kennysheep_six_static_rooms, layout_basic, serial_shops,
          nicolae_square_shop, grunt_ministairs_5, uniq_erica
D:9:      layout_basic, old_standard_altar, grunt_lair_entry_orc_guard_hut,
          enter_bailey_3, dreamdust_mushroom_princess
Temple:   minmay_crystal_spiral_temple

Skill      XL: |  1  2  3  4  5  6  7  8  9 |
---------------+----------------------------+-----
Fighting       | 2 3 4 5 7 |  7.8
Unarmed Combat | 1 2 3 4 5 6 |  6.2
Ranged Weapons | 3 4 |  4.8
Throwing       | 2 |  2.2
Dodging        | |  1.5
Stealth        | |  0.3

Action                     |  1- 3 |  4- 6 |  7- 9 || total
---------------------------+-------+-------+-------++-------
  Melee: Unarmed           |   122 |   190 |   278 ||   590
         Punch             |       |     5 |    11 ||    16
  Throw: Boomerang         |       |       |     9 ||     9
  Evoke: Wand              |       |       |     3 ||     3
    Use: Scroll            |     1 |     6 |     5 ||    12
         Potion            |       |     3 |     1 ||     4
   Stab: Sleeping          |     5 |       |     2 ||     7
         Distracted        |       |     1 |     1 ||     2
         Invisible         |       |       |     1 ||     1
 Armour: Robe              |    75 |   156 |   240 ||   471
  Dodge: Dodged            |    52 |    95 |   136 ||   283
